 Dungeon Crawl Stone Soup version 0.29-a0-337-g68df138881 (webtiles) character file.

Game seed: 6043140549863079853

173878 Dauddaud the Severer (level 17, -15/168 HPs)
             Began as a Minotaur Berserker on Apr 17, 2022.
             Was a High Priest of Trog.
             Splashed with acid (28 damage)
             ... on level 1 of the Pits of Slime.
             The game lasted 01:39:58 (41126 turns).

Dauddaud the Severer (Minotaur Berserker)          Turns: 41126, Time: 01:39:59

Health: -15/168    AC: 27    Str: 26    XL:     17   Next: 19%
Magic:  0/25       EV: 13    Int:  4    God:    Trog [*****.]
Gold:   2458       SH:  0    Dex: 14    Spells: 16/16 levels left

rFire   + . .      SeeInvis .   k - +6 battleaxe (flame)
rCold   + . .      Faith    .   (shield currently unavailable)
rNeg    . . .      Spirit   +   S - +0 plate armour
rPois   +          Reflect  .   (helmet restricted)
rElec   .          Harm     .   X - +1 cloak {Will+}
rCorr   .          Rampage  .   v - +0 pair of gloves
Will    +....                   Z - +2 pair of boots of Tulips {MP+9}
Stlth   ..........              K - amulet of guardian spirit
HPRegen 0.38/turn               c - ring "Qaishrosk" {rPois rF+ rC+ Will-}
MPRegen 0.19/turn               G - ring of flight

@: on berserk cooldown, flying, slowed, very slow
A: horns 2, retaliatory headbutt
}: 1/15 runes: decaying
a: Renounce Religion, Berserk, Trog's Hand, Brothers in Arms


You were on level 1 of the Pits of Slime.
You worshipped Trog.
Trog was extremely pleased with you.
You visited 5 branches of the dungeon, and saw 28 of its levels.
You also visited: Sewer and Gauntlet.

You collected 2491 gold pieces.
You spent 33 gold pieces at shops.

Inventory:

Hand Weapons
 h - a +5 antimagic broad axe
 k - a +6 battleaxe of flaming (weapon)
Armour
 v - a +0 pair of gloves (worn)
 S - a +0 plate armour (worn)
 X - a +1 cloak of willpower (worn)
 Z - the +2 pair of boots of Tulips (worn) {MP+9}
   (You found it on level 4 of the Swamp)

   MP:        It affects your magic capacity (+9).
Jewellery
 c - the ring "Qaishrosk" (left hand) {rPois rF+ rC+ Will-}
   (You found it on level 2 of the Lair of Beasts)

   [ring of protection from cold]

   rF:        It protects you from fire.
   rC:        It protects you from cold.
   rPois:     It protects you from poison.
   Will:      It decreases your willpower.
 f - a ring of protection from cold
 m - a ring of magical power
 y - an amulet of regeneration
 E - a +4 ring of protection
 G - a ring of flight (right hand)
 K - an amulet of guardian spirit (around neck)
 P - a ring of positive energy
 W - a ring of resist corrosion
Wands
 x - a wand of digging (23)
 A - a wand of polymorph (8) (quivered)
 I - a wand of charming (12)
 J - a wand of paralysis (1)
 L - a wand of acid (26)
 M - a wand of mindburst (1)
 N - a wand of iceblast (23)
 O - a wand of flame (51)
Scrolls
 a - 3 scrolls of immolation
 b - 2 scrolls of fear
 d - 4 scrolls of vulnerability
 e - 15 scrolls of teleportation
 i - 4 scrolls of enchant weapon
 l - 4 scrolls of blinking
 n - 2 scrolls of brand weapon
 q - 2 scrolls of torment
 r - 7 scrolls of identify
 s - 8 scrolls of magic mapping
 F - 2 scrolls of acquirement
 H - 8 scrolls of enchant armour
 Q - 2 scrolls of fog
 T - a scroll of silence
Potions
 g - 7 potions of heal wounds
 o - 11 potions of curing
 p - a potion of might
 t - 6 potions of magic
 u - 9 potions of haste
 w - a potion of ambrosia
 z - a potion of resistance
 B - 3 potions of cancellation
 C - a potion of mutation
 D - 5 potions of invisibility
 R - 4 potions of lignification
Miscellaneous
 j - a condenser vane


   Skills:
 * Level 19.5 Fighting
 - Level 20.5 Axes
 * Level 19.4 Armour
 + Level 11.1 Dodging
 + Level 8.7 Evocations


You had 16 spell levels left.
You didn't know any spells.
Your spell library was empty.

Dungeon Overview and Level Annotations

Branches:
Dungeon (15/15)            Temple (0/1) D:7            Lair (6/6) D:9
  Swamp (4/4) Lair:2        Snake (0/4) Lair:2        Slime (1/5) Lair:6
    Orc (2/2) D:11            Elf (0/3) Orc:2        Vaults (0/5) D:14
 Depths (0/4) D:15          Sewer (visited)         Gauntlet (visited)

Altars:
Cheibriados
Dithmenos
Gozag
Kikubaaqudgha
Makhleb
Sif Muna
Trog
Vehumet
Xom

Shops:
D:1 :(   D:9 ?   D:10 *   D:14 !   Orc:2 :[(*

Portals:
Trove: D:11 (give horn of Geryon)

Annotations:
D:14 3 runed translucent doors, Xajetykh's ghost, journeyman OpSu


Innate Abilities, Weirdness & Mutations

You have a pair of horns on your head.
You reflexively headbutt those who attack you in melee.


Message History

You hit the rockslime but do no damage.
The rockslime is lightly wounded.
You are splashed with acid.
You slash the rockslime! You burn the rockslime.
You headbutt the rockslime, but do no damage.
The rockslime is moderately wounded.
You are splashed with acid!
The rockslime hits you but does no damage.
A red film seems to cover your vision as you go berserk!
You feel yourself moving faster!
You feel mighty!
You are splashed with acid!
The rockslime closely misses you. You furiously retaliate!
You headbutt the rockslime! You slash the rockslime!
The rockslime is heavily wounded.
You are splashed with acid!
The rockslime hits you!!
You are shoved backwards!
You hit the rockslime.
The rockslime is severely wounded.
You are splashed with acid.
The rockslime hits you but does no damage.
You slice the rockslime!!
The rockslime is almost dead.
You are splashed with acid.
You slash the rockslime!
You feel the power of Trog in you as your rage grows.
You kill the rockslime!
Trog accepts your kill.
You are splashed with acid.
You feel a strong urge to attack something.
You feel your anger nearly subside.
You are no longer berserk.
You are exhausted.
You feel yourself slow down.
You are splashed with acid!
* * * LOW HITPOINT WARNING * * *
You are splashed with acid!!
* * * LOW HITPOINT WARNING * * *
You are splashed with acid!!
* * * LOW HITPOINT WARNING * * *
You are splashed with acid!!
You die...

#......#
.#.###.....#####
....##....##...#
...............# #####
..............####...##
.#............###..8..##
#......................#
....................<..#
................@......#
..............###..8..##
...#....#.....# ##...##
....#..........# #####
..........#.....#
.##..............#
##...#......##...#
##........## ..##
#.........


There were no monsters in sight!

Vanquished Creatures
  The ghost of fly the Spry, an adept KoHu of Fedhas (Swamp:4)
  A titan (shapeshifter) (D:14)
  An acid blob (Slime:1)
  A fenstrider witch (Swamp:3)
  A rockslime (Slime:1)
  The ghost of Beozetre the Eclecticist, an adept DrFE of Hepliaklqana (Swamp:4)
  A quicksilver ooze (Slime:1)
  5 eleionomae
  3 bunyips
  A minotaur (Gauntlet)
  An ettin (Orc:2)
  The ghost of Olga the Ripper, a journeyman FeBe of Trog (Swamp:4)
  Snorg (D:11)
  A fire dragon (Lair:6)
  2 shambling mangroves
  A rakshasa (D:15)
  21 hydras
  A boulder beetle (D:11)
  A catoblepas (Lair:6)
  4 centaur warriors
  3 ogre magi
  11 death yaks
  16 two-headed ogres
  3 tengu warriors
  An alligator (Swamp:2)
  Urug (D:12)
  An orc high priest (Orc:1)
  5 skeletal warriors (D:15)
  2 deep trolls (Orc:2)
  3 goliath frogs
  10 spriggan druids
  12 swamp dragons
  A glowing orange brain (D:14)
  2 lindwurms (Lair:6)
  3 wizards
  7 bog bodies
  An orc knight (Orc:1)
  A deep elf pyromancer (D:12)
  An orc sorcerer (Orc:1)
  11 ugly things
  2 manticores (Lair:6)
  3 cyclopes
  A will-o-the-wisp (Swamp:1)
  15 elephants (Lair:6)
  Joseph (D:8)
  3 black mambas (Lair:2)
  Maurice (D:8)
  A gargoyle (D:12)
  A smoke demon (Gauntlet)
  4 torpor snails
  2 minotaur zombies (Gauntlet)
  3 rime drakes
  9 cane toads
  13 komodo dragons
  A tengu conjurer (D:15)
  A freezing wraith (D:15)
  An efreet (D:13)
  A red devil (Gauntlet)
  A polar bear (Lair:6)
  10 trolls
  Grinder (D:5)
  A bloated husk (Swamp:2)
  3 meliai (D:13)
  9 hornets
  10 tyrant leeches
  36 blink frogs
  16 dream sheep
  15 slime creatures
  A dream sheep (shapeshifter) (D:15)
  16 spriggans
  A centaur simulacrum (D:11)
  2 wraiths
  47 yaks
  6 wyverns
  17 humans (D:14)
  A human (shapeshifter) (D:13)
  6 basilisks
  2 steam dragons
  2 vampire mosquitoes (Swamp:1)
  2 acid dragons (Lair:6)
  19 swamp worms
  Duvessa (D:5)
  4 wargs
  34 water moccasins
  A floating eye (shapeshifter) (D:14)
  10 swamp drakes
  A sky beast (D:4)
  2 black bears (D:5)
  19 ogres
  14 orc warriors
  4 centaurs
  25 wolves
  A phantom (D:3)
  3 kobold brigands
  3 gnoll sergeants
  A necrophage (D:8)
  15 bullfrogs
  11 wights
  Dowan (D:5)
  3 electric eels
  9 howler monkeys
  4 crimson imps
  10 orc priests
  A hound (D:4)
  3 jellies
  Crazy Yiuf (D:4)
  10 iguanas
  19 orc wizards
  2 howler monkey zombies (D:8)
  16 gnolls
  7 adders
  6 river rats (Sewer)
  4 shadow imps
  3 white imps
  A worm (D:4)
  A dart slug (D:4)
  51 orcs
  11 ball pythons
  4 endoplasms
  5 giant cockroaches
  14 goblins
  4 hobgoblins
  21 kobolds
  3 quokkas
  2 bats
  5 frilled lizards
  13 rats
  A bush (Lair:5)
816 creatures vanquished.

Vanquished Creatures (collateral kills)
  The ghost of Biomocic the Brawler, a journeyman TrBe of Trog (Swamp:4)
  Aizul (Swamp:1)
  A vault guard (D:14)
  A catoblepas (Lair:6)
  A tengu warrior (D:15)
  2 swamp dragons (Swamp:3)
  A deep troll (D:15)
  A wizard (D:14)
  2 necromancers (D:15)
  A manticore (D:15)
  A will-o-the-wisp (Swamp:1)
  A torpor snail (Lair:6)
  A rime drake (Lair:6)
  A hornet (Swamp:1)
  A spriggan (Swamp:1)
  4 humans (D:14)
21 creatures vanquished.

Vanquished Creatures (others)
  10 foxfires (Swamp:1)
  20 fungi
  108 plants
  4 withered plants (D:8)
142 creatures vanquished.

Grand Total: 979 creatures vanquished

Notes
Turn   | Place    | Note
-------+----------+-------------------------------------------
     0 | D:1      | Dauddaud the Minotaur Berserker began the quest for the
                  | Orb.
     0 | D:1      | Reached XP level 1. HP: 19/19 MP: 0/0
   495 | D:1      | Reached skill level 4 in Axes
   560 | D:1      | Reached XP level 2. HP: 22/26 MP: 1/1
   611 | D:1      | Found Pesacuri's Weapon Shop.
   645 | D:1      | Found Asholeyfo's Book Shop.
  1073 | D:1      | Found a faded altar of an unknown god.
  1648 | D:2      | Reached skill level 5 in Axes
  1648 | D:2      | Reached XP level 3. HP: 20/31 MP: 2/2
  2027 | D:3      | Noticed a phantom
  2045 | D:3      | Killed a phantom
  2046 | D:3      | Reached skill level 6 in Axes
  2046 | D:3      | Reached XP level 4. HP: 26/39 MP: 3/3
  2180 | D:3      | Found a glowing drain.
  2188 | D:3      | Reached ** piety under Trog
  2200 | Sewer    | Entered a sewer
  2349 | Sewer    | Reached XP level 5. HP: 42/45 MP: 4/4
  2354 | Sewer    | Reached skill level 7 in Axes
  3259 | D:3      | Reached skill level 8 in Axes
  3284 | D:3      | Reached XP level 6. HP: 23/51 MP: 5/5
  3948 | D:4      | You fall into a shaft and drop 2 floors!
  3960 | D:5      | Entered Level 5 of the Dungeon
  4024 | D:4      | Reached skill level 9 in Axes
  4433 | D:4      | Noticed a sky beast
  4450 | D:4      | Killed a sky beast
  4451 | D:4      | Reached XP level 7. HP: 49/57 MP: 6/6
  4517 | D:4      | Found an opulent altar of Gozag.
  4517 | D:4      | Found a snail-covered altar of Cheibriados.
  4517 | D:4      | Found a shadowy altar of Dithmenos.
  4549 | D:4      | Reached *** piety under Trog
  4759 | D:4      | Found a runed translucent door.
  4811 | D:4      | Noticed Crazy Yiuf
  4996 | D:4      | Reached skill level 10 in Axes
  5215 | D:4      | Killed Crazy Yiuf
  5624 | D:5      | Noticed Duvessa
  5625 | D:5      | Noticed Dowan
  5638 | D:5      | Killed Dowan
  5645 | D:5      | Killed Duvessa
  5993 | D:5      | Reached skill level 11 in Axes
  6030 | D:5      | Noticed Grinder
  6043 | D:5      | Paralysed by Grinder for 2 turns
  6053 | D:5      | Killed Grinder
  6054 | D:5      | Reached skill level 12 in Axes
  6054 | D:5      | Reached XP level 8. HP: 23/64 MP: 7/7
  6815 | D:5      | Found a burning altar of Makhleb.
  6815 | D:5      | Found a radiant altar of Vehumet.
  6907 | D:5      | Reached skill level 13 in Axes
  7244 | D:5      | Found a bloodstained altar of Trog.
  8085 | D:6      | Reached **** piety under Trog
  8093 | D:6      | Reached skill level 14 in Axes
  8493 | D:6      | Found an ancient bone altar of Kikubaaqudgha.
  8642 | D:6      | Reached XP level 9. HP: 71/71 MP: 8/8
  9148 | D:7      | Found a staircase to the Ecumenical Temple.
  9200 | D:8      | Noticed Maurice
  9206 | D:8      | Killed Maurice
  9207 | D:8      | Reached skill level 5 in Fighting
  9251 | D:8      | Reached skill level 5 in Armour
  9629 | D:8      | Noticed Joseph
  9636 | D:8      | Killed Joseph
  9637 | D:8      | Reached skill level 1 in Evocations
 10085 | D:8      | Reached XP level 10. HP: 73/86 MP: 6/9
 10398 | D:9      | Paralysed by a hornet for 1 turns
 10720 | D:9      | Reached ***** piety under Trog
 10721 | D:9      | Reached skill level 5 in Dodging
 10723 | D:9      | Found a shimmering altar of Xom.
 10800 | D:9      | Found a staircase to the Lair.
 11065 | D:9      | Found Cuguir's Magic Scroll Boutique.
 11272 | D:10     | Entered Level 10 of the Dungeon
 11580 | D:10     | Found Yngeul's Assorted Antiques.
 12237 | D:11     | Noticed a boulder beetle
 12266 | D:11     | Killed a boulder beetle
 12483 | D:11     | Noticed a two-headed ogre
 12492 | D:11     | Killed a two-headed ogre
 12493 | D:11     | Reached XP level 11. HP: 54/97 MP: 5/10
 12681 | D:11     | Found a staircase to the Orcish Mines.
 12730 | D:11     | Noticed a two-headed ogre
 12741 | D:11     | Killed a two-headed ogre
 12870 | D:11     | Noticed a green ugly thing
 12876 | D:11     | Killed a green ugly thing
 13114 | D:11     | Received a gift from Trog
 13115 | D:11     | Reached skill level 10 in Fighting
 13153 | D:11     | Noticed a centaur warrior
 13167 | D:11     | Killed a centaur warrior
 13547 | D:11     | Noticed an eight-headed hydra
 13555 | D:11     | Killed a four-headed hydra
 13556 | D:11     | Reached skill level 10 in Armour
 13665 | D:11     | Found a portal to a secret trove of treasure.
 13784 | D:12     | Noticed a deep elf pyromancer
 13796 | D:12     | Noticed a cyan ugly thing
 14107 | D:12     | Killed a deep elf pyromancer
 14161 | D:12     | Noticed a two-headed ogre
 14176 | D:12     | Killed a two-headed ogre
 14541 | D:12     | Killed a cyan ugly thing
 14760 | D:12     | Noticed Urug
 14772 | D:12     | Killed Urug
 15174 | D:12     | Reached skill level 15 in Axes
 15896 | D:13     | Reached skill level 5 in Evocations
 15896 | D:13     | Reached XP level 12. HP: 72/110 MP: 3/11
 16497 | D:14     | Found a runed translucent gate.
 16497 | D:14     | Found a runed translucent gate.
 16498 | D:14     | Found a runed translucent gate.
 16501 | D:14     | Noticed a tengu warrior
 16521 | D:14     | Killed a tengu warrior
 16540 | D:14     | Noticed a boulder beetle
 16540 | D:14     | a goliath frog changed into a boulder beetle
 16545 | D:14     | a boulder beetle changed into something unseen
 16648 | D:14     | Noticed a bunyip
 17207 | D:14     | Found a gate to the Vaults.
 17207 | D:14     | Noticed a vault guard
 17212 | D:14     | Killed a vault guard
 17213 | D:14     | Reached skill level 16 in Axes
 17534 | D:14     | Found Utrieb's Distillery.
 17542 | D:14     | Bought a potion of lignification for 33 gold pieces
 17698 | D:14     | Noticed a centaur warrior
 17709 | D:14     | Killed a centaur warrior
 17784 | D:14     | Found a shimmering blue altar of Sif Muna.
 18170 | D:14     | Noticed an iron giant
 18171 | D:14     | Noticed a caustic shrike
 18171 | D:14     | an iron giant changed into a caustic shrike
 18179 | D:14     | Noticed a titan
 18192 | D:14     | Killed a titan
 18460 | D:14     | Noticed a jorogumo
 18461 | D:14     | a jorogumo changed into a tyrant leech
 18720 | D:14     | Noticed a seven-headed hydra
 18724 | D:14     | Noticed a centaur warrior
 18727 | D:14     | Reached skill level 17 in Axes
 18784 | D:14     | Found a runed translucent gate.
 18784 | D:14     | Found a runed translucent gate.
 18791 | D:14     | Noticed a tentacled monstrosity
 18793 | D:14     | Found a runed translucent gate.
 18793 | D:14     | Noticed Xajetykh's ghost (journeyman OpSu)
 18793 | D:14     | Noticed a cacodemon
 18823 | D:15     | Entered Level 15 of the Dungeon
 18826 | D:15     | Noticed a centaur warrior
 18838 | D:15     | Killed a centaur warrior
 18999 | D:15     | Reached XP level 13. HP: 89/119 MP: 8/12
 19730 | D:15     | Identified a scroll of acquirement
 19775 | D:15     | Reached skill level 18 in Axes
 20077 | D:15     | Found a staircase to the Depths.
 21012 | Orc:1    | Entered Level 1 of the Orcish Mines
 21058 | Orc:1    | Noticed Snorg
 21077 | D:11     | Killed Snorg
 21245 | Orc:2    | Entered Level 2 of the Orcish Mines
 21366 | Orc:2    | Found a staircase to the Elven Halls.
 21382 | Orc:2    | Found a burning altar of Makhleb.
 21831 | Orc:2    | Noticed an ettin
 21834 | Orc:1    | Reached skill level 19 in Axes
 22083 | Orc:2    | Reached XP level 14. HP: 133/133 MP: 13/13
 22691 | Orc:2    | Received a gift from Trog
 23042 | Orc:2    | Found Bulafesch's Book Shop.
 23277 | Orc:2    | Found Qetunug's Weapon Boutique.
 23278 | Orc:2    | Found Tethacka's Assorted Antiques.
 23288 | Orc:2    | Found Ercho's Armour Boutique.
 23645 | Lair:1   | Entered Level 1 of the Lair of Beasts
 23703 | Lair:1   | Found a gate leading to a gauntlet.
 23722 | Gauntlet | Entered a Gauntlet
 23722 | Gauntlet | Found a transporter.
 23736 | Gauntlet | Found a transporter.
 23746 | Gauntlet | Found a transporter.
 23751 | Gauntlet | Found a transporter.
 23768 | Gauntlet | Found a transporter.
 23790 | Gauntlet | Found a transporter.
 23799 | Gauntlet | Found a transporter.
 23811 | Gauntlet | Found a transporter.
 23817 | Gauntlet | Found a transporter.
 23817 | Gauntlet | Found a transporter.
 23832 | Gauntlet | Found a transporter.
 23838 | Gauntlet | Found a transporter.
 23853 | Gauntlet | Found a transporter.
 23870 | Gauntlet | Found a transporter.
 23889 | Gauntlet | Found a transporter.
 23914 | Gauntlet | Found a transporter.
 23916 | Gauntlet | Found a transporter.
 24014 | Gauntlet | Found a transporter.
 24422 | Gauntlet | Reached skill level 20 in Axes
 24717 | Gauntlet | Reached skill level 15 in Fighting
 24740 | Gauntlet | Identified the -1 pair of boots of Qohyur {Slay+2}
 24758 | Gauntlet | Identified the +6 rapier of Uwasheg {flame, *Noise rPois
                  | Will+ Str+2}
 25665 | Lair:1   | Reached skill level 15 in Armour
 26444 | Lair:2   | Found a staircase to the Swamp.
 26527 | Lair:2   | Identified the +11 falchion of Tenacity {venom, rF+}
 26565 | Lair:2   | Found a staircase to the Snake Pit.
 27113 | Lair:2   | Identified the ring "Qaishrosk" {rPois rF+ rC+ Will-}
 27590 | Swamp:1  | Entered Level 1 of the Swamp
 28182 | Swamp:1  | Received a gift from Trog
 28606 | Swamp:1  | Reached XP level 15. HP: 102/143 MP: 10/14
 29530 | Swamp:1  | Noticed Aizul
 29536 | Swamp:1  | Killed Aizul
 31061 | Swamp:2  | Received a gift from Trog
 32610 | Swamp:4  | Entered Level 4 of the Swamp
 33206 | Swamp:4  | Noticed a fenstrider witch
 33216 | Swamp:3  | Killed a fenstrider witch
 33951 | Swamp:4  | Got a decaying rune of Zot
 34095 | Swamp:4  | Reached XP level 16. HP: 120/157 MP: 6/15
 34534 | Swamp:4  | Found a runed translucent gate.
 34534 | Swamp:4  | Found a runed translucent gate.
 34536 | Swamp:4  | Found a runed translucent gate.
 34536 | Swamp:4  | Noticed fly's ghost (adept KoHu)
 34538 | Swamp:4  | Noticed Biomocic's ghost (journeyman TrBe)
 34547 | Swamp:4  | Noticed Olga's ghost (journeyman FeBe)
 34548 | Swamp:4  | Noticed Beozetre's ghost (adept DrFE)
 34560 | Swamp:4  | Killed Beozetre's ghost
 34566 | Swamp:4  | Killed Biomocic's ghost
 34568 | Swamp:4  | Killed Olga's ghost
 34584 | Swamp:4  | HP: 7/235 [fly's ghost/the air (15)]
 34590 | Swamp:4  | Killed fly's ghost
 35017 | Swamp:4  | Identified the +2 pair of boots of Tulips {MP+9}
 37037 | Lair:4   | Reached skill level 10 in Dodging
 38618 | Lair:6   | Entered Level 6 of the Lair of Beasts
 39280 | Lair:6   | Found a staircase to the Slime Pits.
 39487 | Lair:6   | Received a gift from Trog
 39821 | Lair:6   | Reached XP level 17. HP: 151/168 MP: 16/16
 40766 | Slime:1  | Entered Level 1 of the Pits of Slime
 40770 | Slime:1  | Noticed an acid blob
 40782 | Slime:1  | Killed an acid blob
 41126 | Slime:1  | Splashed with acid

Illustrated notes

Levels and vault maps discovered:
D:1:      dpeg_arrival_rooms_c, layout_basic,
          dreamdust_ecumenical_altar_hidden_monk_grotto, serial_shops,
          nicolae_shop_stone, shop
D:2:      layout_basic
D:3:      layout_loops_ring, portal_sewer_entry_f,
          amcnicky_mini_corridor_feature
D:4:      layout_loops_ring, gammafunk_temple_overflow_claw,
          uniq_crazy_yiuf_cottage
D:5:      layout_layer_cave, grunt_temple_overflow_lords_of_destruction,
          bloody_trog, minmay_ogre_servants, uniq_grinder, uniq_duvessa
D:6:      layout_basic, kiku_gazebo_pond_becter, minmay_misc_feat_doors,
          serial_bayou_pond_c, nicolae_zen_rock_garden, fountainhead
D:7:      layout_basic, minmay_temple_entry_large_hall
D:8:      layout_cave_pools, serial_undead, serial_undead_e, serial_undead_b,
          serial_undead_e, serial_undead_e, uniq_joseph, uniq_maurice
D:9:      nicolae_cairo_tiling_large, layout_loops_ring, lemuel_round_altar,
          serial_shops, kennysheep_little_box
D:10:     layout_cave_pools, serial_shops, shop
D:11:     layout_loops_cross, orc_0_dummy, nicolae_trove_entry_columns,
          minmay_misc_feat_cross, minmay_fractal_squares_diagonal_5
D:12:     layout_grid_maze, uniq_urug
D:13:     layout_basic, serial_corexii_hall, corexii_hall_statues_l,
          chequers_hall_statues_wall_a, corexii_hall_statues_deadend,
          corexii_hall_statues_l
D:14:     layout_irregular_city, grunt_vaults_entry_tiered, serial_column_ruins,
          column_ruins_pillar_11, column_ruins_pillar_5, column_ruins_pillar_1,
          column_ruins_pillar_3, column_ruins_pillar_6, column_ruins_pillar_2,
          column_ruins_pillar_2, column_ruins_pillar_9, column_ruins_pillar_7,
          column_ruins_pillar_3, ploomutoo_gammafunk_ghost_potion_laboratory,
          kennysheep_cluttered_room, serial_shops,
          nicolae_shop_advertising_works [nicolae_subvault_shop_adworks],
          nicolae_sif_muna_little_library
D:15:     hangedman_depths_entry_civil_slaughter, layout_basic,
          nicolae_twisting_strands
Lair:1:   layout_cave_pods, gauntlet_entry_generic, serial_bayou_pond_a,
          serial_bayou_ford_a, grunt_megastairs_3, serial_bayou_shore_b
Lair:2:   layout_small_grid, swamp_mist, minmay_snake_entry_six_corridors,
          grunt_megastairs_4
Lair:3:   layout_cellular_growth, grunt_megastairs_2
Lair:4:   layout_regular_city, serial_bayou_pond_e, lemuel_fruit_tree,
          serial_bayou_shore_b
Lair:5:   layout_cave_pods, serial_bayou_crossing, serial_bayou_shore_b,
          infiniplex_staircase_pool_2
Lair:6:   guppyfry_lair_end_dragon, layout_regular_city,
          hangedman_lair_in_review, slime_dummy, chequers_serial_rivers_micro_b,
          nicolae_lair_grazing_beasts [nicolae_sub_lair_graze_edge,
          nicolae_sub_lair_graze_edge, nicolae_sub_lair_graze_edge,
          nicolae_sub_lair_graze_edge], infiniplex_staircase_pool
Swamp:1:  layout_basic_swamp, evilmike_swamp_ruin_rubble_2, swamp_pool3,
          uniq_aizul
Swamp:2:  layout_basic_swamp, evilmike_swamp_ruin_house_1, swamp_pool1
Swamp:3:  layout_basic_swamp, hangedman_swamp_ruin_wall
Swamp:4:  swamp_alternative, layout_basic_swamp, gammafunk_ghost_cemetery,
          swamp_pool3, hangedman_swamp_blocks, hangedman_swamp_cone
Slime:1:  cheibrodos_slime_lost_civilization_2, layout_caves
Orc:1:    layout_diamond_mine, serial_shops, shop, uniq_snorg
Orc:2:    st_orc_open, layout_diamond_mine, bloody_makhleb

Skill      XL: |  1  2  3  4  5  6  7  8  9 10 11 12 13 14 15 16 17 |
---------------+----------------------------------------------------+-----
Axes           | 4 5 6 8 9 12 14 15 17 19 20 | 20.5
Fighting       | 4 7 9 11 12 14 15 17 19 | 19.5
Armour         | 3 6 9 11 12 14 15 17 19 | 19.4
Dodging        | 4 6 7 9 10 11 | 11.1
Evocations     | 1 3 5 7 8 |  8.7

Action                   |  1- 3 |  4- 6 |  7- 9 | 10-12 | 13-15 | 16-18 || total
-------------------------+-------+-------+-------+-------+-------+-------++-------
Melee: Hand axe          |    67 |   164 |   270 |       |       |       ||   501
       Headbutt          |     9 |    17 |    70 |    84 |   160 |   114 ||   454
       Punch             |       |     1 |       |       |       |       ||     1
       Battleaxe         |       |       |    13 |   369 |   844 |   489 ||  1715
       Executioner's axe |       |       |       |       |    10 |       ||    10
Invok: Berserk           |     1 |     1 |     2 |     3 |     8 |     3 ||    18
       Brothers in Arms  |       |       |       |     2 |     3 |     2 ||     7
       Trog's Hand       |       |       |       |       |       |     1 ||     1
Evoke: Wand              |       |       |     9 |    19 |       |       ||    28
  Use: Scroll            |     5 |     2 |     1 |    11 |     7 |     1 ||    27
       Potion            |       |       |       |     1 |    11 |     1 ||    13
 Stab: Sleeping          |     1 |       |       |       |       |       ||     1
       Petrified         |       |       |       |       |       |     1 ||     1
Armor: Animal skin       |     2 |       |       |       |       |       ||     2
       Scale mail        |    22 |    37 |       |       |       |       ||    59
       Chain mail        |       |    30 |    83 |    22 |       |       ||   135
       Plate armour      |       |       |       |   270 |   615 |   268 ||  1153
Dodge: Dodged            |    33 |    66 |    81 |   153 |   450 |   228 ||  1011

Table legend: (Time is in decaauts)
 A = Elapsed time spent in this place.
 B = Non-inter-level travel time spent in this place.
 C = Inter-level travel time spent in this place.
 D = Time resting spent in this place.
 E = Time spent auto-exploring this place.
 F = Levels seen in this place.
 G = Mean time per level.
                   A        B        C        D        E       F      G
               +--------+--------+--------+--------+--------+-----+--------+
         Total |  40925 |  39758 |   1167 |  14414 |  19828 |  30 | 1364.2 |
       Dungeon |  20459 |  19770 |    689 |   6760 |  10693 |  15 | 1363.9 |
          Lair |   8405 |   8155 |    250 |   1929 |   5247 |   6 | 1400.8 |
         Swamp |   7275 |   7119 |    156 |   3917 |   2340 |   4 | 1818.8 |
    Slime Pits |    349 |    349 |      0 |    235 |     30 |   1 |  349.0 |
  Orcish Mines |   2484 |   2414 |     70 |   1194 |    673 |   2 | 1242.0 |
         Sewer |    689 |    689 |      0 |    150 |    388 |   1 |  689.0 |
      Gauntlet |   1260 |   1260 |      0 |    227 |    457 |   1 | 1260.0 |
               +--------+--------+--------+--------+--------+-----+--------+

Top non-repeatable levels by time:
    D:14: 2344 daAuts
 Swamp:3: 2336 daAuts
     D:5: 2235 daAuts
  Lair:6: 2096 daAuts
    D:15: 2095 daAuts
  Lair:2: 1930 daAuts
    D:11: 1827 daAuts
 Swamp:4: 1754 daAuts
 Swamp:2: 1645 daAuts
     D:1: 1601 daAuts
     D:4: 1596 daAuts
 Swamp:1: 1539 daAuts
  Lair:1: 1503 daAuts
    D:12: 1478 daAuts
   Orc:2: 1367 daAuts
